 Dungeon Crawl Stone Soup version 0.24.0-1-gfbc8707122 (webtiles) character file.

Game seed: 8492274776586423607, levelgen mode: classic

544087 EnegeticOcto the Warrior (level 24, -16/184 HPs)
             Began as a Mummy Warper on Oct 28, 2019.
             Was the Champion of Ru.
             Killed from afar by a purple draconian (33 damage)
             ... with a bolt of dispelling energy
             ... on level 2 of the Realm of Zot.
             The game lasted 02:02:49 (83552 turns).

EnegeticOcto the Warrior (Mummy Warper)            Turns: 83552, Time: 02:02:50

Health: -16/184    AC: 36    Str: 23    XL:     24   Next: 83%
Magic:  31/31      EV: 17    Int: 19    God:    Ru [******]
Gold:   2402       SH: 26    Dex: 18    Spells: 35/39 levels left

rFire    + + .     SeeInvis +   b - +9 demon trident (vamp)
rCold    + . .     Gourm    .   A - +3 large shield {reflect}
rNeg     + + +     Faith    .   n - +8 fire dragon scales
rPois    ∞         Spirit   .   G - +2 helmet {SInv}
rElec    +         Reflect  +   y - scarf {rC+ rF+}
rCorr    .         Harm     .   Y - +2 pair of gloves {Str+3}
MR       +++..     NoTele   +   J - +0 pair of boots
Stlth    ..........             F - macabre finger necklace {rN+}
HPRegen  0.40/turn              Q - ring "Dolo" {Str+4 Dex+5 SInv}
MPRegen  0.22/turn              O - +6 ring of protection
                                q - ring of Duqut {-Tele rElec rPois Dex+3}

@: horrified, lightly drained
A: no food or potions, fire vulnerability, clumsy 1, cold resistance 1, frail 1,
low mp 1, negative energy resistance 3, torment resistance, weak 1, unbreathing,
cowardly, no poison magic, no summoning magic, no transmutations magic, in touch
with death 1, missing an eye
}: 3/15 runes: decaying, serpentine, silver
a: Draw Out Power, Power Leap, Apocalypse, Renounce Religion


You were on level 2 of the Realm of Zot.
You worshipped Ru.
Ru was exalted by your worship.
You were not hungry.

You visited 10 branches of the dungeon, and saw 47 of its levels.
You visited 1 bazaar.
You also visited: Wizlab.

You collected 7148 gold pieces.
You spent 4746 gold pieces at shops.

Inventory:

Hand Weapons
 a - a +9 demon trident of electrocution
 b - a +9 vampiric demon trident (weapon)
 K - a +2 mace of distortion
Missiles
 S - a throwing net (quivered) {!f}
Armour
 n - +8 fire dragon scales (worn)
 y - a scarf of resistance (worn)
 A - a +3 large shield of reflection (worn)
 G - a +2 helmet of see invisible (worn)
 J - a +0 pair of boots (worn)
 U - a scarf of cloud immunity
 Y - a +2 pair of gloves of strength (worn)
Jewellery
 f - an uncursed ring of protection from magic
 o - an uncursed amulet of guardian spirit
 p - an uncursed ring of resist corrosion
 q - the ring of Duqut (on amulet) {-Tele rElec rPois Dex+3}
   (You found it on level 12 of the Dungeon)

   [ring of dexterity]

   It affects your dexterity (+3).
   It insulates you from electricity.
   It protects you from poison.
   It prevents most forms of teleportation.
 F - the macabre finger necklace (around neck) {rN+}
   (You took it off a deep elf elementalist on level 3 of the Elven Halls)

   [amulet of nothing]

   It protects you from negative energy.
 O - a +6 ring of protection (right hand)
 P - the amulet of Curiosity {Inacc rElec MR+}
   (You found it on level 3 of the Elven Halls)

   [amulet of inaccuracy]

   It reduces the accuracy of all your attacks.
   It insulates you from electricity.
   It affects your resistance to hostile enchantments.
 Q - the ring "Dolo" (left hand) {Str+4 Dex+5 SInv}
   (You took it off a deep elf death mage on level 3 of the Elven Halls)

   [ring of dexterity]

   It affects your strength (+4).
   It affects your dexterity (+5).
   It lets you see invisible.
 X - a +5 ring of slaying
Wands
 e - a wand of disintegration (16)
 k - a wand of polymorph (33)
 s - a wand of clouds (4)
 w - a wand of flame (116)
 C - a wand of scattershot (2)
 D - a wand of iceblast (20)
 L - a wand of digging (19)
 M - a wand of paralysis (17)
 N - a wand of acid (24)
 V - a wand of enslavement (6)
Scrolls
 c - 30 scrolls of identify {@r1}
 d - 4 scrolls of blinking {@r4}
 g - 39 scrolls of remove curse {@r2}
 h - 7 scrolls of fog {!r}
 i - 6 scrolls of magic mapping {@r5 !r}
 j - 10 scrolls of fear {!r}
 l - 31 scrolls of teleportation {@r3 !r}
 m - 17 scrolls of amnesia
 r - 9 scrolls of immolation
 x - a scroll of noise
 B - 2 scrolls of enchant weapon
 E - 2 scrolls of torment
 H - a scroll of enchant armour
 I - a scroll of brand weapon
 R - 5 scrolls of vulnerability
 T - a scroll of summoning
Miscellaneous
 t - a box of beasts
 u - a lamp of fire
 v - a phial of floods
 z - a lightning rod (4/4)


   Skills:
 + Level 20.4(20.3) Fighting
 - Level 14.0(13.9) Polearms
 - Level 0.7(0.6) Throwing
 - Level 15.0(14.9) Armour
 - Level 12.0(11.9) Dodging
 - Level 20.0(19.9) Shields
 - Level 8.0(7.9) Spellcasting
 - Level 6.0(5.9) Charms
 - Level 5.0(4.9) Translocations
 - Level 6.0(5.9) Air Magic
 + Level 10.7 Evocations


You had 35 spell levels left.
You knew the following spells:

 Your Spells              Type           Power        Failure   Level  Hunger
n - Swiftness             Chrm/Air       ###.....     4%          2    N/A
Y - Blink                 Tloc           N/A          8%          2    N/A

Your spell library contained the following spells:

 Spells                   Type           Power        Failure   Level  Hunger
 Shroud of Golubria       Chrm/Tloc      ###...       6%          2    N/A
 Shock                    Conj/Air       ##..         12%         1    N/A
 Gell's Gravitas          Tloc           ###.......   16%         3    N/A
 Lesser Beckoning         Tloc           ###.......   16%         3    N/A
 Teleport Other           Tloc           ###.....     16%         3    N/A
 Airstrike                Air            ###.......   32%         4    N/A
 Ozocubu's Armour         Chrm/Ice       ##......     34%         3    N/A
 Spectral Weapon          Hex/Chrm       ##......     34%         3    N/A
 Static Discharge         Conj/Air       ##......     34%         3    N/A
 Confusing Touch          Hex            #.....       36%         1    N/A
 Flame Tongue             Conj/Fire      #....        36%         1    N/A
 Freeze                   Ice            #...         36%         1    N/A
 Magic Dart               Conj           #...         36%         1    N/A
 Passage of Golubria      Tloc           N/A          45%         4    N/A
 Corpse Rot               Necr           N/A          52%         2    N/A
 Searing Ray              Conj           #.....       52%         2    N/A
 Slow                     Hex            #.......     52%         2    N/A
 Throw Flame              Conj/Fire      #.....       52%         2    N/A
 Throw Frost              Conj/Ice       #.....       52%         2    N/A
 Confuse                  Hex            #.......     75%         3    N/A
 Conjure Flame            Conj/Fire      #.......     75%         3    N/A
 Dazzling Spray           Conj/Hex       #.....       75%         3    N/A
 Inner Flame              Hex/Fire       #.......     75%         3    N/A
 Stone Arrow              Conj/Erth      #.....       75%         3    N/A
 Force Lance              Conj/Tloc      ##......     80%         4    N/A
 Excruciating Wounds      Chrm/Necr      ###.......   97%         5    N/A
 Lightning Bolt           Conj/Air       ##........   97%         5    N/A
 Silence                  Hex/Air        ##........   97%         5    N/A
 Cause Fear               Hex            #.........   98%         4    N/A
 Fulminant Prism          Conj/Hex       #.........   98%         4    N/A
 Iskenderun's Mystic Bla  Conj           #.......     98%         4    N/A
 Leda's Liquefaction      Hex/Erth       #.........   98%         4    N/A
 Sticky Flame             Conj/Fire      #.......     98%         4    N/A
 Throw Icicle             Conj/Ice       #.......     98%         4    N/A
 Deflect Missiles         Chrm/Air       ###.......   99%         6    N/A
 Bolt of Magma            Conj/Fire/Erth #.........   100%        5    N/A
 Fireball                 Conj/Fire      #.........   100%        5    N/A
 Metabolic Englaciation   Hex/Ice        #.........   100%        5    N/A
 Bolt of Fire             Conj/Fire      #.........   100%        6    N/A
 Conjure Ball Lightning   Conj/Air       ##........   100%        6    N/A
 Death Channel            Necr           #.........   100%        6    N/A
 Iron Shot                Conj/Erth      #.........   100%        6    N/A
 Ring of Flames           Chrm/Fire      ##........   100%        7    N/A
 Ignition                 Fire           #.........   100%        8    N/A
 Shatter                  Erth           #.........   100%        9    N/A
 Tornado                  Air            ###.......   100%        9    N/A
 Poisonous Vapours        Pois/Air       Unusable     N/A         2    N/A
 Regeneration             Chrm/Necr      Unusable     N/A         3    N/A
 Summon Small Mammal      Summ           Unusable     N/A         1    N/A
 Recall                   Summ/Tloc      Unusable     N/A         3    N/A
 Mephitic Cloud           Conj/Pois/Air  Unusable     N/A         3    N/A
 Call Imp                 Summ           Unusable     N/A         2    N/A
 Sublimation of Blood     Necr           Unusable     N/A         2    N/A
 Call Canine Familiar     Summ           Unusable     N/A         3    N/A
 Ignite Poison            Fire/Tmut/Pois Unusable     N/A         3    N/A
 Summon Guardian Golem    Hex/Summ       Unusable     N/A         3    N/A
 Summon Lightning Spire   Summ/Air       Unusable     N/A         4    N/A
 Olgreb's Toxic Radiance  Pois           Unusable     N/A         4    N/A
 Petrify                  Tmut/Erth      Unusable     N/A         4    N/A
 Summon Ice Beast         Ice/Summ       Unusable     N/A         4    N/A
 Summon Forest            Summ/Tloc      Unusable     N/A         5    N/A
 Alistair's Intoxication  Tmut/Pois      Unusable     N/A         5    N/A
 Aura of Abjuration       Summ           Unusable     N/A         5    N/A
 Irradiate                Conj/Tmut      Unusable     N/A         5    N/A
 Summon Demon             Summ           Unusable     N/A         5    N/A
 Summon Mana Viper        Hex/Summ       Unusable     N/A         5    N/A
 Yara's Violent Unravell  Hex/Tmut       Unusable     N/A         5    N/A
 Shadow Creatures         Summ           Unusable     N/A         6    N/A
 Statue Form              Tmut/Erth      Unusable     N/A         6    N/A
 Dragon Form              Tmut           Unusable     N/A         7    N/A
 Dragon's Call            Summ           Unusable     N/A         9    N/A

Dungeon Overview and Level Annotations

Branches:
Dungeon (15/15)            Temple (1/1) D:7            Lair (6/6) D:9
  Swamp (4/4) Lair:3        Snake (4/4) Lair:3        Slime (0/5) Lair:5
    Orc (2/2) D:10            Elf (3/3) Orc:2        Vaults (5/5) D:13
  Crypt (0/3) Vaults:3     Depths (5/5) D:15            Zot (2/5) Depths:5
 WizLab (visited)

Altars:
Ashenzari
Cheibriados
Dithmenos
Elyvilon
Fedhas
Gozag
Hepliaklqana
Kikubaaqudgha
Makhleb
Nemelex Xobeh
Okawaru
Qazlal
Ru
Sif Muna
Trog
Uskayaw
Vehumet
Wu Jian
Xom
Yredelemnul
Zin
The Shining One
Beogh
Jiyva
Lugonu

Shops:
D:5 ?   D:7 [   D:12 (   D:13 !   D:14 (   Orc:1 }   Orc:2 **}:   Elf:1 }}%}
Elf:2 [[:}   Vaults:5 *   Depths:1 *

Portals:
Hell: Depths:1 Depths:2 Depths:3 Depths:4 Depths:5
Abyss: Depths:1 Depths:4
Pandemonium: Depths:3 Depths:4 Depths:5
Ziggurat: Depths:5

Annotations:
D:4 3 runed translucent doors, drjones's ghost, novice GrFi
D:12 2 runed translucent doors
D:15 Roxanne
Elf:2 3 runed translucent doors
Vaults:2 2 runed translucent doors, Faydane's ghost, veteran HuFi; Lolleill's ghost, adept DgTm


Innate Abilities, Weirdness & Mutations

You do not eat or drink.
Your flesh is vulnerable to fire.
You are immune to poison.
You are clumsy. (Dex -2)
Your flesh is cold resistant. (rC+)
You are frail. (-10% HP)
Your magical capacity is low. (-10% MP)
You are immune to negative energy. (rN+++)
You are immune to unholy pain and torment.
You are weak. (Str -2)
You can survive without breathing.
Your cowardice makes you less effective in combat with threatening monsters.
You cannot study or cast Poison magic.
You cannot study or cast Summoning magic.
You cannot study or cast Transmutations magic.
You are in touch with the powers of death.
You are missing an eye, making it more difficult to aim.


Message History

Your +9 demon trident of electrocution stops crackling.
You feel a sense of dread.
b - a +9 vampiric demon trident (weapon)
You hit the green draconian scorcher.
The green draconian scorcher is lightly wounded.
The black draconian hits you but does no damage.
You block the green draconian scorcher's attack.
The green draconian scorcher misses you.
You barely miss the green draconian scorcher.
The green draconian scorcher is lightly wounded.
The black draconian completely misses you.
You miss the green draconian scorcher.
The green draconian scorcher is lightly wounded.
The green draconian scorcher casts a spell at you.
The bolt of fire misses you.
You redirect the red draconian's attack!
The red draconian breathes flames at the green draconian scorcher.
The searing blast hits the black draconian!!!
The searing blast hits the green draconian scorcher!!
The searing blast hits you but does no damage.
You reel with horror at the sight of these foes!
You impale the green draconian scorcher!!
You feel better.
The green draconian scorcher is almost dead.
You are engulfed in blazing flames.
You resist.
The black draconian begins to attack, but is stunned by your will!
You impale the green draconian scorcher!!
You feel better.
You kill the green draconian scorcher!
You are engulfed in blazing flames.
You resist.
The black draconian breathes lightning at you.
The bolt of lightning misses you.
The yellow draconian scorcher casts a spell at you.
The sphere of damnation explodes!
The damnation engulfs you!!
The purple draconian breathes dispelling energy at you.
The bolt of dispelling energy hits you! You block the red draconian's attack.
The black draconian misses you.
Things that are here:
a +0 long sword; a +0 cloak You hit the black draconian.
You feel better.
The black draconian is severely wounded.
The purple draconian completely misses you.
You block the red draconian's attack.
You hit the black draconian but do no damage.
The black draconian is severely wounded.
You block the black draconian's attack.
The purple draconian hits you with a +0 short sword.
You barely miss the black draconian.
The black draconian is severely wounded.
You block the red draconian's attack.
You barely miss the black draconian.
The black draconian is severely wounded.
The yellow draconian scorcher begins to cast a spell, but is stunned by your will!
You block the purple draconian's attack.
You block the black draconian's attack.
You hit the black draconian but do no damage.
The black draconian is severely wounded.
The red draconian misses you.
You block the purple draconian's attack.
You barely miss the black draconian.
The black draconian is severely wounded.
The black draconian hits you with a +0 trident.
You miss the black draconian.
The black draconian is severely wounded.
You redirect the red draconian's attack!
You block the purple draconian's attack.
You block the black draconian's attack.
You closely miss the black draconian.
The black draconian is severely wounded.
You block the red draconian's attack.
You redirect the yellow draconian scorcher's attack!
The yellow draconian scorcher casts a spell at itself.
The fireball explodes!
The fireball engulfs the yellow draconian scorcher!!
The fireball engulfs the black draconian!!!
The black draconian dies!
The fireball engulfs the red draconian!!
The red draconian resists.
The purple draconian breathes dispelling energy at you.
The bolt of dispelling energy hits you!!
* * * LOW HITPOINT WARNING * * *
The yellow draconian scorcher gestures at you while chanting.
The bolt of magma hits you!!! You partially resist.
* * * LOW HITPOINT WARNING * * *
The red draconian breathes flames at you.
The searing blast misses you.
You can't drink.
Okay, then.
As you read the scroll of summoning, it crumbles to dust.
Wisps of shadow whirl around you...
The purple draconian hits your golden dragon with a +0 short sword!
The yellow draconian scorcher hits your storm dragon but does no damage.
The red draconian hits your storm dragon with a +0 trident!
You swap places.
You feel less exhausted.
The purple draconian breathes dispelling energy at you.
The bolt of dispelling energy hits your golden dragon!
The bolt of dispelling energy hits your storm dragon!
The bolt of dispelling energy hits you!!
You die...

.%............?....,,,,*#.#***,*
...................,,,,+...,,,,*
...................,,,,*#.#*****
######+####'#########***#.#
,,,,................# #.#
**,*####.##.#######.#####.####
*,* #,*#.# #...[......# *,*
*,*#.#######d#####.##.# *,*
*,*#....§@DDDd# #.##.#### *,*
*,*####.#####q# ##.##..... *,*
*,* #,* #°# #.....^... **+*****,*
*,* *#d#*#+#######' ,,,,,,**,*
*,***#qqd........... ,,,,,,**,*
*,**.'..............
,,,,,,**,*****,*#.#..............
,,,,,,+,,,,,,,,...#........8.....
,,,,,,**,*****.##,#..............


You could see a purple draconian, a red draconian, a yellow draconian scorcher,
a friendly golden dragon and 2 friendly storm dragons.

Vanquished Creatures
  2 ancient liches (Vaults:5)
  2 juggernauts
  Mara (Snake:3)
  the Lernaean hydra (Swamp:4)
  Bai Suzhen (Depths:1)
  Margery (Depths:3)
  4 golden dragons
  Nikola (Swamp:3)
  A bone dragon (Depths:5)
  A lich (Vaults:1)
  8 tentacled monstrosities
  A quicksilver dragon (Zot:2)
  6 titans (Vaults:5)
  2 deep elf master archers (Elf:3)
  2 deep elf blademasters (Elf:3)
  3 acid blobs (Depths:1)
  5 sphinxes
  Agnes (Elf:2)
  8 tengu reavers
  6 azure jellies (Depths:1)
  A thorn hunter (Swamp:4)
  8 nagarajas
  8 storm dragons
  Frances (Swamp:2)
  4 shadow dragons
  3 iron dragons
  6 fire giants
  9 frost giants
  A draconian knight (Depths:5)
  2 draconian scorchers (Zot:2)
  4 deep elf sorcerers
  An orc warlord (Vaults:5)
  Aizul (Depths:3)
  11 vault wardens
  A reaper (Depths:3)
  30 very ugly things
  2 entropy weavers
  A draconian stormcaller (Depths:5)
  14 ironheart preservers
  7 deep elf elementalists
  24 stone giants
  A war gargoyle (Vaults:5)
  2 green draconians
  4 vampire knights
  9 deep elf annihilators
  2 red draconians (Depths:5)
  7 deep elf demonologists
  2 white draconians
  10 spark wasps
  2 yellow draconians (Depths:5)
  12 deep elf death magi
  10 ettins
  2 deep elf high priests
  A blizzard demon (Depths:1)
  An ettin (shapeshifter) (Depths:5)
  Josephine (D:10)
  14 fire dragons
  A merfolk impaler (Depths:3)
  19 yaktaur captains
  3 death oozes (Depths:1)
  5 great orbs of eyes
  33 vault guards
  4 shambling mangroves
  A merfolk avatar (Lair:6)
  17 naga warriors
  13 ice dragons
  2 ghost crabs (Swamp:3)
  A catoblepas (D:11)
  4 rakshasas
  19 hydras
  A monstrous demonspawn (Depths:3)
  14 centaur warriors
  2 anacondas (Snake:4)
  43 two-headed ogres
  10 deep troll shamans
  12 ogre magi
  2 tengu warriors
  5 alligators
  A large abomination (Vaults:5)
  A queen ant (shapeshifter) (Vaults:5)
  13 naga sharpshooters
  12 dancing weapons
  3 death yaks (Lair:5)
  2 vampire magi
  2 orc high priests
  13 deep troll earth magi
  5 spriggan berserkers
  11 hell knights
  16 deep elf knights
  Nergalle (D:10)
  8 shock serpents
  3 soul eaters (Depths:1)
  A sixfirhy (Depths:3)
  3 iron trolls
  3 glowing orange brains
  2 salamander mystics (Snake:3)
  4 skeletal warriors
  4 unseen horrors
  2 shadow wraiths
  A spriggan druid (Swamp:4)
  42 deep trolls
  3 unseen horrors (shapeshifter)
  8 swamp dragons (Swamp:4)
  2 sea snakes
  5 wizards
  An obsidian statue (Depths:1)
  17 ironbrand convokers
  A flayed ghost (Depths:4)
  A phantasmal warrior (Vaults:4)
  7 naga ritualists
  3 necromancers
  20 deep elf archers
  A swamp dragon (shapeshifter) (Vaults:4)
  20 orc knights
  4 wolf spiders
  3 lindwurms (Swamp:4)
  A harpy (Lair:6)
  2 wolf spider zombies
  3 orc sorcerers
  64 deep elf magi
  5 mana vipers
  43 ugly things
  A salamander (shapeshifter) (Depths:4)
  2 moths of wrath (shapeshifter)
  7 salamanders
  5 moths of wrath
  36 black mambas
  3 cyclopes
  A manticore (D:11)
  13 elephants
  2 fire giant skeletons (Vaults:5)
  4 guardian serpents
  Maurice (D:9)
  A rust devil (Depths:3)
  20 naga magi
  12 vault sentinels
  3 centaur skeletons
  5 gargoyles
  11 spiny frogs
  2 orange demons (Depths:1)
  A torpor snail (Lair:2)
  54 yaktaurs
  3 freezing wraiths (Vaults:4)
  8 rime drakes
  An efreet (D:13)
  A hellwing (Depths:3)
  11 komodo dragons
  2 red devils
  An ice devil (Depths:1)
  3 tengu conjurers
  A queen bee (shapeshifter) (Vaults:4)
  9 trolls
  3 meliai (D:14)
  2 polar bears
  A wind drake (Lair:6)
  A meliai (shapeshifter) (Depths:4)
  21 hornets
  8 blink frogs
  16 tyrant leeches
  4 bog bodies
  2 trolls (shapeshifter)
  An ettin zombie (Vaults:5)
  34 slime creatures
  7 hippogriffs
  A blink frog (shapeshifter) (Vaults:1)
  A fire giant simulacrum (Vaults:3)
  A spriggan (shapeshifter) (D:15)
  2 shadows
  4 wyverns
  7 spriggans
  5 air elementals
  A tarantella (Vaults:4)
  A redback (Vaults:4)
  10 water elementals
  A basilisk (shapeshifter) (Vaults:3)
  3 fire elementals (Elf:1)
  3 basilisks
  5 wraiths
  46 yaks
  4 hungry ghosts
  An elf zombie (Vaults:5)
  11 vampire mosquitoes
  A soldier ant (D:14)
  4 acid dragons
  18 swamp worms
  14 wargs
  A naga (shapeshifter) (Vaults:5)
  51 nagas
  15 water moccasins
  A soldier ant (shapeshifter) (Vaults:3)
  3 floating eyes
  7 porcupines
  7 swamp drakes
  A black bear (shapeshifter) (Vaults:5)
  59 orc warriors
  3 black bears
  A phantom (D:13)
  An eye of draining (D:11)
  2 sky beasts
  An ogre (shapeshifter) (Elf:3)
  39 ogres
  10 wolves
  14 boggarts
  2 ice beasts
  A tengu (shapeshifter) (D:11)
  27 centaurs
  5 crocodiles
  4 big kobolds
  A gnoll sergeant (D:9)
  21 bullfrogs
  An earth elemental (Elf:2)
  A wyvern skeleton (D:13)
  A wyvern zombie (D:13)
  2 scorpions
  31 killer bees
  An orc simulacrum (Vaults:1)
  3 howler monkeys
  An electric eel (D:12)
  12 crimson imps
  3 bullfrog zombies
  7 jellies
  A human simulacrum (Vaults:2)
  2 quasits
  3 iron imps
  21 orc priests
  3 centaur zombies
  2 hounds
  31 orc wizards
  3 bullfrog skeletons
  5 iguanas
  19 worker ants
  A hound zombie (D:5)
  3 hound skeletons
  A howler monkey zombie (D:7)
  Robin (D:3)
  12 gnolls
  An adder (shapeshifter) (Vaults:2)
  9 adders
  5 shadow imps
  6 white imps
  4 oozes
  An adder zombie (D:5)
  An adder skeleton (D:10)
  4 worms
  2 dart slugs
  5 leopard geckos
  120 orcs
  3 ball pythons
  9 bats
  5 giant cockroaches
  20 goblins
  10 hobgoblins
  13 jackals
  21 kobolds
  6 quokkas
  A ball python zombie (D:6)
  7 frilled lizards
  A leopard gecko skeleton (D:4)
  11 rats
  A crawling corpse (Vaults:5)
  4 fungi
  5 plants
2045 creatures vanquished.

Vanquished Creatures (collateral kills)
  A slime creature (Depths:1)
1 creature vanquished.

Vanquished Creatures (others)
  A golden dragon (Depths:5)
  A shadow dragon (Vaults:5)
  A draconian monk (Depths:5)
  3 fire giants
  A large abomination (Vaults:5)
  A nagaraja (Snake:4)
  A deep elf sorcerer (Vaults:5)
  A draconian shifter (Zot:2)
  A vault warden (Vaults:5)
  An ironheart preserver (Vaults:4)
  2 stone giants
  A very ugly thing (Vaults:3)
  A black draconian (Zot:2)
  A spark wasp (Depths:5)
  A deep elf death mage (Elf:3)
  A fire dragon (Depths:1)
  An ogre mage (Vaults:5)
  3 yaktaur captains
  A hydra (Swamp:3)
  3 vault guards (Vaults:5)
  An ice dragon (Depths:3)
  A spriggan air mage (Depths:4)
  2 two-headed ogres
  A deep troll shaman (Depths:4)
  A hell knight (Depths:4)
  A deep elf knight (Elf:1)
  2 deep trolls
  A sea snake (Snake:4)
  A necromancer (Vaults:5)
  An orc knight (Vaults:1)
  A wolf spider (Vaults:2)
  A mana viper (Snake:2)
  2 deep elf magi
  An ugly thing (Depths:3)
  An elephant (Lair:5)
  A black mamba (Snake:2)
  A komodo dragon (Lair:5)
  10 yaktaurs
  A queen bee (Lair:1)
  A tyrant leech (Swamp:2)
  A hippogriff (Lair:2)
  A slime creature (Depths:2)
  A wraith (D:9)
  A yak (Lair:6)
  A golden eye (shapeshifter) (Elf:1)
  2 nagas
  3 swamp worms
  2 orc warriors (Orc:2)
  An ogre (Vaults:5)
  2 wolves (Lair:2)
  A killer bee (Lair:1)
  An ufetubus (Depths:3)
  5 orcs
  16 fungi
  9 plants
106 creatures vanquished.

Grand Total: 2152 creatures vanquished

Notes
Turn   | Place    | Note
-------+----------+-------------------------------------------
     0 | D:1      | EnegeticOcto the Mummy Warper began the quest for the Orb.
     0 | D:1      | Reached XP level 1. HP: 16/16 MP: 4/4
   258 | D:1      | Reached XP level 2. HP: 21/23 MP: 5/5
  1246 | D:1      | Reached XP level 3. HP: 27/29 MP: 7/7
  2379 | D:2      | Reached XP level 4. HP: 14/38 MP: 8/8
  3419 | D:2      | Reached skill level 5 in Fighting
  3765 | D:2      | Reached XP level 5. HP: 15/44 MP: 7/9
  4434 | D:3      | Noticed Robin
  4469 | D:3      | Killed Robin
  4724 | D:3      | Found a hide-covered altar of Uskayaw.
  4724 | D:3      | Found an ancient bone altar of Kikubaaqudgha.
  4725 | D:3      | Found a shadowy altar of Dithmenos.
  5122 | D:4      | Reached XP level 6. HP: 52/52 MP: 10/10
  5859 | D:4      | Found a runed translucent gate.
  5859 | D:4      | Found a runed translucent gate.
  5861 | D:4      | Found a runed translucent gate.
  5863 | D:4      | Noticed drjones's ghost (novice GrFi)
  5877 | D:4      | Found an opulent altar of Gozag.
  5991 | D:5      | Entered Level 5 of the Dungeon
  6089 | D:5      | Reached skill level 1 in Shields
  6553 | D:5      | Found a shattered altar of Ashenzari.
  6627 | D:5      | Reached XP level 7. HP: 38/58 MP: 8/11
  6841 | D:5      | Found a hazy altar of Hepliaklqana.
  6862 | D:5      | Found Boeneasi's Magic Scroll Shop.
  7494 | D:6      | Reached XP level 8. HP: 16/65 MP: 4/12
  8374 | D:7      | Found a staircase to the Ecumenical Temple.
  8432 | Temple   | Entered the Ecumenical Temple
  8574 | Temple   | Became a worshipper of Ru the Awakened
  8643 | D:7      | Found Asu Geha's Antique Armour Boutique.
  8653 | D:7      | Reached skill level 5 in Polearms
  9567 | D:8      | Reached skill level 5 in Shields
  9567 | D:8      | Reached XP level 9. HP: 59/72 MP: 10/13
  9977 | D:8      | Gained mutation: You are frail. (-10% HP) [Ru sacrifice]
  9977 | D:8      | Reached * piety under Ru
  9977 | D:8      | Reached ** piety under Ru
 10232 | D:8      | Found a stormy altar of Qazlal.
 10521 | D:9      | Noticed a troll
 11103 | D:9      | Found a staircase to the Lair.
 11894 | D:9      | Killed a troll
 11894 | D:9      | Reached XP level 10. HP: 27/73 MP: 5/14
 12183 | D:9      | Noticed Maurice
 12204 | D:9      | Killed Maurice
 12469 | D:10     | Entered Level 10 of the Dungeon
 12579 | D:10     | Noticed a gargoyle
 13007 | D:9      | Killed a gargoyle
 13057 | D:10     | Found a staircase to the Orcish Mines.
 13073 | D:10     | Noticed Nergalle
 13113 | D:10     | Killed Nergalle
 13223 | D:10     | Noticed Josephine
 13232 | D:10     | Noticed a two-headed ogre
 13257 | D:10     | Gained mutation: You cannot study or cast Poison magic. [Ru
                  | sacrifice]
 13257 | D:10     | Gained mutation: You cannot study or cast Transmutations
                  | magic. [Ru sacrifice]
 13257 | D:10     | Gained mutation: You cannot study or cast Summoning magic.
                  | [Ru sacrifice]
 13257 | D:10     | Reached *** piety under Ru
 13285 | D:10     | Noticed a two-headed ogre
 13301 | D:10     | Killed a two-headed ogre
 13301 | D:10     | Reached XP level 11. HP: 57/80 MP: 13/15
 13614 | D:10     | Killed Josephine
 14095 | Lair:1   | Entered Level 1 of the Lair of Beasts
 14407 | D:9      | Killed a two-headed ogre
 15894 | Lair:1   | Reached skill level 10 in Fighting
 15974 | Lair:1   | Reached skill level 10 in Polearms
 17018 | Lair:2   | Reached XP level 12. HP: 64/87 MP: 14/16
 17023 | Lair:2   | Reached skill level 10 in Shields
 17200 | Lair:2   | Gained mutation: You are missing an eye, making it more
                  | difficult to aim. [Ru sacrifice]
 17200 | Lair:2   | Reached **** piety under Ru
 17373 | Lair:2   | Found a dark tunnel.
 18313 | Lair:2   | Reached skill level 1 in Armour
 20726 | Lair:3   | Found a shimmering blue altar of Sif Muna.
 21158 | Lair:3   | Found a staircase to the Swamp.
 21179 | Lair:3   | Found a staircase to the Snake Pit.
 21301 | Lair:3   | Noticed an eight-headed hydra
 21307 | Lair:3   | Killed an eight-headed hydra
 21877 | Lair:3   | Noticed a catoblepas
 21995 | Lair:4   | Found a shimmering blue altar of Sif Muna.
 22246 | Lair:4   | Gained mutation: Your cowardice makes you less effective in
                  | combat with threatening monsters. [Ru sacrifice]
 22246 | Lair:4   | Reached ***** piety under Ru
 22473 | Lair:5   | Found a gate leading to a gauntlet.
 22629 | Lair:5   | Found a staircase to the Slime Pits.
 22982 | Lair:5   | Noticed a death yak
 22983 | Lair:5   | Noticed a death yak
 22984 | Lair:5   | Noticed a death yak
 23017 | Lair:5   | Killed a death yak
 23017 | Lair:5   | Gained mutation: You are in touch with the powers of death.
                  | [Mummy growth]
 23017 | Lair:5   | Reached XP level 13. HP: 55/93 MP: 13/17
 23630 | Lair:6   | Entered Level 6 of the Lair of Beasts
 24335 | Lair:6   | Reached skill level 5 in Dodging
 24757 | Lair:6   | Reached skill level 5 in Armour
 25969 | Lair:6   | Identified the +10 trident of the World {pierce, Stlth+}
                  | (You found it on level 6 of the Lair of Beasts)
 26354 | D:11     | Reached XP level 14. HP: 98/99 MP: 18/18
 27223 | D:11     | Identified a scroll of acquirement
 27225 | D:11     | Got a bloodstained demon trident
 27226 | D:11     | Identified the +5 demon trident of Wrath {pierce, Str+2
                  | Int+4} (You acquired it on level 11 of the Dungeon)
 27274 | D:11     | Found a snail-covered altar of Cheibriados.
 27648 | D:11     | Learned a level 2 spell: Blink
 27956 | D:12     | Got an ancient copper ring
 27957 | D:12     | Identified the ring of Duqut {-Tele rElec rPois Dex+3} (You
                  | found it on level 12 of the Dungeon)
 28236 | D:12     | Reached skill level 1 in Evocations
 28492 | D:12     | You fall into a shaft and drop 1 floor!
 28555 | D:13     | Found Juitakoy's Distillery.
 29314 | D:13     | Found a gate to the Vaults.
 30249 | D:12     | Found Cuejon's Weapon Shop.
 30375 | D:12     | Found a runed translucent door.
 30376 | D:12     | Found a runed translucent door.
 30588 | Orc:1    | Entered Level 1 of the Orcish Mines
 30759 | Orc:1    | Gained mutation: Your magical capacity is low. (-10% MP)
                  | [Ru sacrifice]
 31039 | Orc:1    | Found Irostoat's Gadget Boutique.
 31275 | Orc:2    | Entered Level 2 of the Orcish Mines
 31956 | Orc:2    | Reached XP level 15. HP: 91/106 MP: 13/17
 32499 | Orc:2    | Found a roughly hewn altar of Beogh.
 32800 | Orc:2    | Found a staircase to the Elven Halls.
 32825 | Orc:2    | Found Naism's Gadget Boutique.
 32825 | Orc:2    | Found Okemmof's General Store.
 32827 | Orc:2    | Found Diusm's Assorted Antiques.
 32829 | Orc:2    | Found Xivis's Book Shop.
 33027 | D:7      | Bought fire dragon scales for 1920 gold pieces
 33102 | D:5      | Bought a scroll of enchant armour for 90 gold pieces
 33102 | D:5      | Bought a scroll of enchant armour for 90 gold pieces
 33753 | D:14     | Found a sparkling altar of Nemelex Xobeh.
 34414 | D:14     | Found Qugou's Antique Weapon Shoppe.
 34686 | D:15     | Entered Level 15 of the Dungeon
 34890 | D:15     | Noticed Roxanne
 35681 | D:15     | Reached skill level 5 in Translocations
 36291 | D:15     | Found a staircase to the Depths.
 36496 | Swamp:1  | Entered Level 1 of the Swamp
 36827 | Swamp:1  | Found a hazy altar of Hepliaklqana.
 38243 | Swamp:2  | Noticed Frances
 38251 | Swamp:2  | Killed Frances
 38251 | Swamp:2  | Reached skill level 5 in Evocations
 39234 | Swamp:3  | Noticed Nikola
 39266 | Swamp:3  | Killed Nikola
 39291 | Swamp:3  | Reached XP level 16. HP: 101/116 MP: 18/18
 40506 | Swamp:4  | Entered Level 4 of the Swamp
 40693 | Swamp:3  | Noticed a tentacled monstrosity
 40709 | Swamp:3  | Killed a tentacled monstrosity
 42548 | Swamp:4  | Noticed a thorn hunter
 42558 | Swamp:4  | Killed a thorn hunter
 42569 | Swamp:4  | Gained mutation: You are clumsy. (Dex -2) [Ru sacrifice]
 42574 | Swamp:4  | Noticed the 27-headed Lernaean hydra
 42777 | Swamp:4  | Killed the 27-headed Lernaean hydra
 43489 | Swamp:4  | Got a decaying rune of Zot
 43767 | Snake:1  | Entered Level 1 of the Snake Pit
 44881 | Snake:1  | Reached skill level 5 in Spellcasting
 46512 | Snake:2  | Reached XP level 17. HP: 85/124 MP: 23/23
 47370 | Snake:3  | Noticed Mara
 47422 | Snake:3  | Killed Mara
 48913 | Snake:4  | Entered Level 4 of the Snake Pit
 50892 | Snake:4  | Reached skill level 10 in Armour
 51067 | Snake:4  | Reached XP level 18. HP: 127/132 MP: 27/27
 51222 | Snake:4  | Got a serpentine rune of Zot
 51494 | Vaults:1 | Entered Level 1 of the Vaults
 52224 | Vaults:1 | Reached skill level 15 in Fighting
 52979 | Vaults:1 | Reached skill level 15 in Shields
 53050 | Vaults:1 | Noticed a lich
 53080 | Vaults:1 | Killed a lich
 53874 | Vaults:2 | Gained mutation: You are weak. (Str -2) [Ru sacrifice]
 53874 | Vaults:2 | Reached ****** piety under Ru
 53875 | Vaults:2 | Found a large runed translucent door.
 54330 | Vaults:2 | Found a large runed translucent door.
 54330 | Vaults:2 | Noticed Lolleill's ghost (adept DgTm)
 54330 | Vaults:2 | Noticed Faydane's ghost (veteran HuFi)
 54479 | Vaults:2 | Reached XP level 19. HP: 85/139 MP: 23/27
 55021 | Vaults:2 | Reached skill level 10 in Dodging
 57628 | Vaults:3 | Found a staircase to the Crypt.
 60931 | Elf:1    | Entered Level 1 of the Elven Halls
 60939 | Elf:1    | Noticed a Brimstone Fiend
 60941 | Elf:1    | Reached XP level 20. HP: 145/146 MP: 28/28
 61753 | Elf:1    | Found Tesyriof's Gadget Boutique.
 61753 | Elf:1    | Found Kafit's Gadget Shop.
 61754 | Elf:1    | Found Xegistreyre's Gadget Shop.
 61756 | Elf:1    | Found Biday's Food Boutique.
 61773 | Elf:1    | Bought a wand of acid (10) for 336 gold pieces
 63366 | Elf:2    | Found Ased's Armour Shoppe.
 63436 | Elf:2    | Found a runed translucent gate.
 63437 | Elf:2    | Found a runed translucent gate.
 63439 | Elf:2    | Found a runed translucent gate.
 63513 | Elf:2    | Found Jovaod's Book Emporium.
 63550 | Elf:2    | Found Joazul's Antique Armour Emporium.
 63570 | Elf:2    | Bought a shiny large shield for 307 gold pieces
 63712 | Elf:2    | Noticed Agnes
 63724 | Elf:2    | Killed Agnes
 64026 | Elf:2    | Found Ycoggemn's Gadget Boutique.
 64030 | Elf:2    | Bought a wand of clouds (6) for 480 gold pieces
 64120 | Elf:3    | Entered Level 3 of the Elven Halls
 64557 | Elf:3    | Identified the ring "Dolo" {Str+4 Dex+5 SInv}
 65661 | Elf:3    | Identified the cursed -6 shield of the Big Bang {Regen+}
 66245 | Elf:3    | Identified the +2 quarterstaff of Trog {freeze, *Drain MR+
                  | Str+2 Stlth+}
 66654 | Elf:3    | Identified Xaema's Reference Book on Cankerous Evil
 66660 | Elf:3    | Got a translucent platinum amulet
 66661 | Elf:3    | Identified the amulet of Curiosity {Inacc rElec MR+} (You
                  | found it on level 3 of the Elven Halls)
 67195 | Depths:1 | Entered Level 1 of the Depths
 67499 | D:15     | Reached XP level 21. HP: 154/154 MP: 29/29
 67798 | Depths:1 | Learned a level 2 spell: Swiftness
 68469 | Depths:1 | Noticed Bai Suzhen
 68472 | Depths:1 | Reached skill level 1 in Charms
 68472 | Depths:1 | Reached skill level 1 in Air Magic
 68490 | Depths:1 | Killed Bai Suzhen
 68832 | Depths:1 | Found a viscous altar of Jiyva.
 68894 | Depths:1 | Found a corrupted altar of Lugonu.
 68894 | Depths:1 | Found a one-way gate to the infinite horrors of the Abyss.
 69356 | Depths:1 | Found a gateway to Hell.
 69564 | Depths:1 | Found Mubutsupn's Mayhem Merchandise.
 71435 | Depths:3 | Noticed Aizul
 71471 | Depths:3 | Killed Aizul
 71775 | Depths:3 | Reached XP level 22. HP: 162/162 MP: 30/30
 71801 | Depths:3 | Found a one-way gate leading to the halls of Pandemonium.
 72657 | D:5      | Bought a scroll of fear for 42 gold pieces
 72657 | D:5      | Bought a scroll of enchant weapon for 90 gold pieces
 72718 | D:7      | Bought a pair of runed gloves for 240 gold pieces
 73588 | Depths:3 | Noticed a juggernaut
 73593 | Depths:3 | Noticed Margery
 73639 | Depths:3 | Reached skill level 5 in Charms
 73651 | Depths:3 | Killed a juggernaut
 73651 | Depths:3 | Reached skill level 5 in Air Magic
 73656 | Depths:3 | Killed Margery
 74236 | Depths:4 | Reached skill level 10 in Evocations
 74609 | Depths:4 | Found a flickering gateway to a bazaar.
 74615 | Bazaar   | Entered a bazaar
 74628 | Bazaar   | Found Wapteoh's Gadget Shoppe.
 74690 | Bazaar   | Found Etoixuj's Book Shoppe.
 74749 | Bazaar   | Found Peonawur's Magic Scroll Shoppe.
 74792 | Bazaar   | Found Itoqac's Magic Scroll Boutique.
 75086 | Bazaar   | Bought 3 scrolls of enchant armour for 247 gold pieces
 75086 | Bazaar   | Bought a scroll of teleportation for 33 gold pieces
 75086 | Bazaar   | Bought a scroll of teleportation for 33 gold pieces
 75086 | Bazaar   | Bought a scroll of vulnerability for 82 gold pieces
 75086 | Bazaar   | Bought 2 scrolls of vulnerability for 165 gold pieces
 75129 | Bazaar   | Bought a scroll of enchant armour for 90 gold pieces
 75129 | Bazaar   | Bought a scroll of summoning for 114 gold pieces
 75129 | Bazaar   | Bought a scroll of fog for 24 gold pieces
 75129 | Bazaar   | Bought a scroll of teleportation for 36 gold pieces
 75129 | Bazaar   | Bought a scroll of teleportation for 36 gold pieces
 75129 | Bazaar   | Bought a scroll of vulnerability for 90 gold pieces
 76041 | Depths:4 | Paralysed by a floating eye for 3 turns
 76472 | Depths:4 | Noticed a golden dragon
 76487 | Depths:4 | Killed a golden dragon
 76503 | Depths:4 | Identified the +5 whip of the Vendetta {freeze, +Rage rF++
                  | Str-5 Int+2}
 76941 | Depths:4 | Reached XP level 23. HP: 147/171 MP: 28/31
 77007 | Depths:4 | Noticed a juggernaut
 77044 | Depths:4 | Killed a juggernaut
 77324 | Depths:5 | Entered Level 5 of the Depths
 77372 | Depths:5 | Found a magical portal.
 77381 | WizLab   | Found a transporter.
 77396 | Depths:5 | Found a gateway to a ziggurat.
 78372 | Depths:5 | Found a gate to the Realm of Zot.
 78373 | Depths:5 | Reached skill level 15 in Armour
 79558 | Vaults:5 | Entered Level 5 of the Vaults
 80473 | Vaults:5 | Reached XP level 24. HP: 181/181 MP: 31/31
 81305 | Vaults:5 | Noticed an ancient lich
 81314 | Vaults:5 | Identified the +12 broad axe of the Old World {chop, Str+2
                  | Dex+4}
 81331 | Vaults:5 | Identified the cursed +1 falchion "Tuqeogua" {pain, rElec
                  | rN+}
 81333 | Vaults:5 | Noticed an ancient lich
 81338 | Vaults:5 | Killed an ancient lich
 81386 | Vaults:5 | Killed an ancient lich
 81682 | Vaults:5 | Found Baosem's General Store.
 81690 | Vaults:5 | Bought 2 scrolls of teleportation for 78 gold pieces
 81690 | Vaults:5 | Bought a scroll of summoning for 123 gold pieces
 81811 | Vaults:5 | Got a pair of polished gloves
 81846 | Vaults:5 | Identified the +0 pair of gloves of the Cooper {*Contam
                  | rElec rN+} (You found it on level 5 of the Vaults)
 81874 | Vaults:5 | Identified Xinue's Disquisition on Harmful Envenoming
 81915 | Vaults:5 | Identified An Early Guide to the Arcane Arts
 82348 | Vaults:5 | Got a silver rune of Zot
 82851 | Zot:1    | Entered Level 1 of the Realm of Zot
 83552 | Zot:2    | Killed from afar by a purple draconian

Levels and vault maps discovered:
D:1:      dpeg_arrival_subterranean_lakeside_camping, layout_basic
D:2:      minmay_chambers_of_twos, layout_loops_corners, first_ration
D:3:      layout_rooms, gammafunk_temple_overflow_claw, uniq_robin
D:4:      layout_loops_corners, kennysheep_mini, gammafunk_ghost_necromancy
D:5:      layout_rooms, lemuel_crystal_altar, serial_shops, nicolae_shop_trees,
          evilmike_ruin_ashenzari
D:6:      layout_loops_cross
D:7:      layout_basic, temple_doors_cd, serial_shops, shop, the_bakery
D:8:      layout_basic, nicolae_qazlal_general_emergency
D:9:      layout_roguey, erik_lair_orcish_takeover, uniq_maurice
D:10:     layout_rooms, orc_0_dummy, uniq_josephine, uniq_nergalle
D:11:     minmay_the_grid_plus [minmay_the_grid_embedded,
          minmay_the_grid_square_x, minmay_the_grid_small_cups,
          minmay_the_grid_minigrid_large, minmay_the_grid_prize_four_corners],
          layout_long_grid, basic_altar, minmay_misc_feat_four_crosses,
          minmay_misc_feat_more_columns
D:12:     lemuel_insect_pit, layout_cave_pods, serial_shops,
          nicolae_shop_waterfront, minivault_20, fungi_pond_lemuel,
          minmay_fractal_squares_5
D:13:     layout_irregular_city, lightli_vaults_fourway_checkpoint,
          serial_shops, shop
D:14:     layout_small_grid, nemelex_xobeh_ov_fountains_minmay, serial_shops,
          shop
D:15:     grunt_enter_depths_hoard, layout_cave_pools, minmay_hedge_maze,
          uniq_roxanne
Temple:   eino_temple_scatter_basement
Lair:1:   layout_cave_shapes, special_room [special_room_bee],
          grunt_megastairs_1
Lair:2:   layout_chaotic_city, nicolae_volcano_entry_hallway, worms_lemuel,
          grunt_megastairs_3
Lair:3:   layout_chaotic_city, swamp_mist, dummy_snake_entry, basic_altar,
          kennysheep_catoblepas_arena
Lair:4:   layout_long_grid, basic_altar, beast_lair_carwin_4
Lair:5:   layout_hall_layers, slime_dummy, gauntlet_entry_generic,
          beast_lair_carwin_5, grunt_megastairs_4
Lair:6:   gammafunk_lair_ancient_temple, layout_hall_layers
Swamp:1:  layout_basic_swamp, evilmike_swamp_ruin_rubble_2, swamp_pool3,
          lemuel_altar_in_water2
Swamp:2:  layout_basic_swamp, evilmike_swamp_ruin_house_1,
          infiniplex_staircase_pool, uniq_frances
Swamp:3:  cheibrodos_swamp_monstrosity, layout_falls_marsh,
          evilmike_swamp_ruin_house_4, uniq_nikola
Swamp:4:  swamp_alternative, layout_basic_swamp, swamp_pool2
Snake:1:  layout_misc_corridors
Snake:2:  layout_rooms
Snake:3:  layout_layer_cave, uniq_mara
Snake:4:  snake_pit, layout_onion, serial_bayou_shore_a
Orc:1:    layout_caves, serial_shops, nicolae_shop_trees
Orc:2:    st_orc_rangers, layout_caves, basic_altar
Elf:1:    elf_arrival_001, layout_loops_corners, minmay_elf_crystal_heptagon,
          minmay_shoptagon
Elf:2:    layout_onion_city, serial_shops, shop, nicolae_shop_statue_plus, shop,
          shop, minivault_4, item_on_display_a, lemuel_elevator, uniq_agnes
Elf:3:    grunt_elf_hall_spiral, layout_gridlike
Vaults:1: nicolae_vaults_stairing_the_circle, nicolae_vaults_specimen_jars,
          v_alt_pattern_6, vaults_dpeg_diagonal, nicolae_vaults_rhombus_7,
          hangedman_vaults_hat, vaults_room_large_hall, vaults_room_large_hall,
          v_misc_11, vaults_standard_mumra_x, vaults_room_semicircle, v_misc_3,
          layout_vaults_chaotic_city
Vaults:2: advil_vaults_ghost_guards, nicolae_vaults_octagons, v_pattern_1,
          vaults_mumra_hex, ontoclasm_vaults_ligature,
          ontoclasm_vaults_ring_small, vaults_room_corners,
          ontoclasm_vaults_pinch, nicolae_vaults_network_s,
          ontoclasm_vaults_claustrophobia, v_misc_3, vaults_room_door_hall,
          vaults_room_semicircle, vaults_room_ringed_pool, serial_ice_m,
          layout_vaults_omnibox
Vaults:3: v_misc_9, ontoclasm_vaults_spin, ontoclasm_vaults_idyll,
          vaults_room_semicircle, v_alt_pattern_5, hangedman_vaults_locks,
          vaults_room_corners, v_rooms_1, ontoclasm_vaults_decontamination,
          layout_vaults_omnicross
Vaults:4: v_misc_13, ontoclasm_vaults_shuriken, v_misc_22, v_misc_18,
          st_lattice, v_misc_10, ontoclasm_vaults_ring_square,
          nicolae_vaults_alarming, dpeg_vaults_monster_box,
          layout_vaults_omnigrid
Vaults:5: serial_shops
Depths:1: layout_basic, grunt_hell_entry_demonic_statue, special_room
          [special_room_jelly], abyss_entry_flame_altar, grunt_decor_arrowhead,
          minmay_shop_mayhem, ebering_dispersal_statue_hall, chequers_jeans,
          grunt_ministairs_3, kennysheep_generic_room_2, uniq_bai_suzhen
Depths:2: minmay_box_of_statues, layout_cave_shapes, nicolae_wwwww,
          serial_column_ruins, column_ruins_hut, column_ruins_hut,
          column_ruins_open_tiny, column_ruins_corridor_straight,
          column_ruins_grid_4, column_ruins_open_small,
          hangedman_tar_grid_catacomb, chequers_serial_rivers_micro_b
Depths:3: kennysheep_oblong_rooms, layout_basic, grunt_pan_entry_sceptre,
          minmay_misc_feat_rugged, hell_entry, uniq_margery, uniq_aizul
Depths:4: kennysheep_large_spiral, layout_gridlike, abyss_entry, hell_entry,
          pan_entry, serial_shops, bzr_entry_safe,
          hangedman_abyss_or_decor_stabs, hangedman_decor_points,
          grunt_ministairs_6, kennysheep_kite_vault
Depths:5: grunt_zot_entry_funnels, layout_basic, enter_ziggurat_f,
          nrook_pool_corridor, pan_entry, mu_enter_wizlab_4,
          grunt_hell_entry_dis_mu
Zot:1:    layout_gridlike
Zot:2:    gammafunk_sealed_library, layout_gridlike

Skill      XL: |  1  2  3  4  5  6  7  8  9 10 11 12 13 14 15 16 17 18 19 20 21 22 23 24 |
---------------+-------------------------------------------------------------------------+-----
Fighting       | 3 4 5 6 7 8 9 10 11 12 13 14 15 16 17 19 20 | 20.4
Polearms       | 2 3 4 5 7 9 10 11 12 14 | 14.0
Shields        | 1 3 5 6 8 9 10 11 12 13 14 15 16 17 18 20 | 20.0
Armour         | 3 5 6 8 10 11 12 13 14 15 | 15.0
Dodging        | 4 5 6 7 9 11 12 | 12.0
Evocations     | 2 5 6 8 9 10 | 10.7
Translocations | 3 5 |  5.0
Spellcasting   | 5 8 |  8.0
Charms         | 4 6 |  6.0
Air Magic      | 4 6 |  6.0
Throwing       | |  0.7

Action                   |  1- 3 |  4- 6 |  7- 9 | 10-12 | 13-15 | 16-18 | 19-21 | 22-24 || total
-------------------------+-------+-------+-------+-------+-------+-------+-------+-------++-------
Melee: Spear             |   195 |   190 |   598 |  1676 |   595 |       |       |       ||  3254
       Trident           |       |   246 |    40 |    15 |   199 |       |       |       ||   500
       Demon trident     |       |       |       |       |  1575 |  2668 |  3122 |  3453 || 10818
Invok: Sacrifice Health  |       |       |     1 |       |       |       |       |       ||     1
       Draw Out Power    |       |       |       |     7 |     8 |     4 |     4 |     4 ||    27
       Sacrifice Arcana  |       |       |       |     1 |       |       |       |       ||     1
       Apocalypse        |       |       |       |     2 |     8 |     9 |     5 |     3 ||    27
       Power Leap        |       |       |       |     1 |     7 |     3 |     3 |     1 ||    15
       Sacrifice Courage |       |       |       |     1 |       |       |       |       ||     1
       Sacrifice an Eye  |       |       |       |     1 |       |       |       |       ||     1
       Reject Sacrifices |       |       |       |       |     2 |     1 |       |       ||     3
       Sacrifice Essence |       |       |       |       |     1 |       |       |       ||     1
       Sacrifice Purity  |       |       |       |       |       |     2 |       |       ||     2
Evoke: Wand              |       |       |       |     5 |    33 |     8 |    12 |     5 ||    63
       Phantom mirror    |       |       |       |     1 |       |       |       |       ||     1
       Phial of floods   |       |       |       |       |     1 |     2 |     1 |       ||     4
       Lamp of fire      |       |       |       |       |     1 |     1 |     5 |     5 ||    12
  Use: Scroll            |       |    10 |     5 |     7 |    18 |    10 |    18 |    20 ||    88
 Stab: Sleeping          |     1 |       |       |       |       |       |       |       ||     1
       Distracted        |       |       |     1 |     6 |     6 |    10 |    16 |    24 ||    63
       Paralysed         |       |       |       |    27 |    34 |    15 |    19 |    16 ||   111
       Invisible         |       |       |       |     5 |    20 |    11 |    13 |    31 ||    80
       Petrified         |       |       |       |       |     8 |       |       |       ||     8
       Confused          |       |       |       |       |     1 |       |       |       ||     1
Armor: Leather armour    |    28 |     8 |       |       |       |       |       |       ||    36
       Chain mail        |       |   228 |   320 |   392 |   319 |       |       |       ||  1259
       Plate armour      |       |       |       |       |    98 |       |       |       ||    98
       Fire dragon scale |       |       |       |       |   186 |   707 |   597 |   726 ||  2216
Dodge: Dodged            |    84 |   150 |   183 |   111 |   284 |   362 |   474 |   652 ||  2300
Block: Large shield      |       |       |       |   814 |  1328 |  1475 |  1398 |  2051 ||  7066
       Reflection        |       |       |       |       |       |       |    43 |    59 ||   102
